 Dungeon Crawl Stone Soup version 0.30-a0-743-gbfdf073431 (webtiles) character file.

Game seed: 8045927886012705876

114 M4edhros the Insei (level 4, -1/28 HPs)
             Began as an Octopode Transmuter on Feb 5, 2023.
             Slain by Crazy Yiuf
             ... wielding a +2 quarterstaff of chaos
              (3 damage)
             ... on level 4 of the Dungeon.
             The game lasted 00:01:52 (430 turns).

M4edhros the Insei (Octopode Transmuter)             Turns: 430, Time: 00:01:53

Health: -1/28      AC:  6    Str:  9    XL:     4   Next: 97%
Magic:  4/7        EV: 19    Int: 15    God:
Gold:   10         SH:  0    Dex: 19    Spells: 3/7 levels left

rFire   . . .      SeeInvis .      - Unarmed
rCold   . . .      Faith    .    (shield currently unavailable)
rNeg    . . .      Spirit   .    (helmet currently unavailable)
rPois   x          Reflect  .    (no amulet)
rElec   .          Harm     .    e - +4 ring of protection
rCorr   .          Rampage  .    (no ring)
Will    .....                    (no ring)
Stlth   ++                       (no ring)
HPRegen 0.24/turn                (no ring)
MPRegen 0.10/turn                (no ring)
                                 (no ring)
                                 (no ring)

@: spider-form
A: venomous fangs, almost no armour, (amphibious), 8 rings, tiny, (camouflage
1), (gelatinous body 1), (nimble swimmer 1), (tentacles)
a: End Transformation


You were on level 4 of the Dungeon.
You were a venomous arachnid creature.
You visited 1 branch of the dungeon, and saw 4 of its levels.

You collected 10 gold pieces.

Inventory:

Jewellery
 e - a +4 ring of protection (left front pincers)
Wands
 a - a wand of charming (2)
Scrolls
 d - a scroll of identify {unknown}
Potions
 b - a potion of ambrosia {unknown}
 c - a potion of flight {unknown}


   Skills:
 - Level 1.0 Fighting
 - Level 2.0 Dodging
 + Level 4.4 Unarmed Combat
 - Level 2.0 Spellcasting
 + Level 3.7 Transmutations


You had 3 spell levels left.
You knew the following spells:

 Your Spells              Type           Power      Damage    Failure   Level
a - Beastly Appendage     Tmut           24%        N/A       14%         1
b - Spider Form           Tmut/Pois      7%         N/A       52%         3

Your spell library contained the following spells:

 Spells                   Type           Power      Damage    Failure   Level
 Wereblood                Tmut           12%        N/A       19%         2
 Ice Form                 Ice/Tmut       7%         N/A       87%         4


Dungeon Overview and Level Annotations

Branches:
Dungeon (4/15)
 Temple: D:4-7

Altars:

Annotations:
D:4 Crazy Yiuf


Innate Abilities, Weirdness & Mutations

You are a venomous arachnid creature.
You have venomous fangs.
You are tiny and dextrous.
Your spellcasting is less reliable in this form.
Your armour is entirely melded.
You are incapable of wielding weapons or throwing items.
You cannot wear most types of armour.
((You are amphibious.))
You can wear up to eight rings at the same time.
((Your skin changes colour to match your surroundings (Stealth+).))
((Your rubbery body absorbs attacks. (AC +1, EV +1)))
((You are camouflaged when in or above water. (Stealth+)))
((You have tentacles for arms and can constrict up to eight enemies at once.))


Message History

Items here: ))) [ ††.
There is an open door, spattered with blood here.
Items here: ))) [[ ††.
Found three hammers.
Found a glowing hammer.
Found three hammers.
Found five hammers.
Found a hammer.
Found a hammer.
Found a runed translucent door.
Found a hammer.
You see here a +1 hammer of protection.
Found two hammers.
Crazy Yiuf shouts!
Found a hammer.
Found a hammer.
You see here a +0 hammer.
You open the door.
Casting: Spider Form (extremely dangerous; 30% risk of failure)
Confirm with . or Enter, or press ? or * to list all spells.
The spell is extremely dangerous to miscast (30% risk of failure)!
Continue anyway?
You turn into a venomous arachnid creature.
Crazy Yiuf hits you but does no damage.
You hit Crazy Yiuf.
Crazy Yiuf is poisoned.
Crazy Yiuf is moderately wounded.
Crazy Yiuf hits you with a +2 quarterstaff of chaos.
Crazy Yiuf draws strength from your wounds!
You hit Crazy Yiuf.
Crazy Yiuf looks as sick as possible!
Crazy Yiuf is lightly wounded.
You hit Crazy Yiuf but do no damage.
Crazy Yiuf is lightly wounded.
Crazy Yiuf barely misses you.
You hit Crazy Yiuf.
Crazy Yiuf looks as sick as possible!
Crazy Yiuf is heavily wounded.
Crazy Yiuf hits you with a +2 quarterstaff of chaos!
* * * LOW HITPOINT WARNING * * *
Crazy Yiuf freezes you.
* * * LOW HITPOINT WARNING * * *
Crazy Yiuf attacks as you move away!
Crazy Yiuf hits you with a +2 quarterstaff of chaos.
You die...

..
............##.............
..
............##.....#.)##...
..
....##################)#####
.. ....##
....))..#####........ ..
..... .........)##........
........
#####...)...##........ ..
#)..#..).).P.......... ..
#...g.....PP.......... ..
...#s..).PP.......... ..
#.)....P.......... ##
..)..).)...).##........
#)))##.)).)).##........ ###
##########........ #........
#......!# ####### #.......#
#.......#.


You could see Crazy Yiuf (extremely poisoned).

Vanquished Creatures
  A jelly (D:4)
  Ijyb (D:3)
  An orc wizard (D:4)
  An adder (D:4)
  A dart slug (D:3)
  5 orcs
  A ball python (D:4)
  2 endoplasms (D:4)
  A giant cockroach (D:4)
  2 goblins (D:4)
  A kobold (D:1)
  A quokka (D:2)
18 creatures vanquished.

Notes
Turn   | Place    | Note
-------+----------+-------------------------------------------
     0 | D:1      | M4edhros the Octopode Transmuter began the quest for the
                  | Orb.
     0 | D:1      | Reached XP level 1. HP: 13/13 MP: 3/3
   128 | D:3      | Noticed Ijyb
   137 | D:3      | Killed Ijyb
   138 | D:3      | Reached XP level 2. HP: 13/18 MP: 5/5
   138 | D:3      | Reached XP level 3. HP: 17/23 MP: 6/6
   173 | D:3      | Learned a level 3 spell: Spider Form
   265 | D:4      | Reached skill level 4 in Unarmed Combat
   265 | D:4      | Reached XP level 4. HP: 6/28 MP: 1/7
   415 | D:4      | Found a runed translucent door.
   420 | D:4      | Noticed Crazy Yiuf
   430 | D:4      | Slain by Crazy Yiuf

Illustrated notes

Levels and vault maps discovered:
D:1:      dpeg_arrival_tiny_d, layout_loops_ring, minmay_tromino_v2
D:2:      layout_basic, hellmonk_ecumenical_altar_leap_of_faith,
          amethyst_killhole
D:3:      minmay_angry_zag, layout_loops_ring, mainiacjoe_overflow_catwalk,
          nicolae_ru_awakened_eye, uniq_ijyb
D:4:      layout_basic, minmay_misc_feat_columns, uniq_crazy_yiuf_cottage,
          uniq_duvessa

Skill      XL: |  1  2  3 |
---------------+----------+-----
Unarmed Combat | 4 |  4.4
Transmutations | 3 |  3.7
Fighting       | |  1.0
Dodging        | |  2.0
Spellcasting   | |  2.0

Action                     |  1- 3 |  4- 6 || total
---------------------------+-------+-------++-------
  Melee: Unarmed           |    20 |    28 ||    48
         Constrict         |     3 |     2 ||     5
         Tentacles         |     1 |     2 ||     3
         Punch             |     1 |       ||     1
   Cast: Spider Form       |     2 |     3 ||     5
    Use: Potion            |     1 |       ||     1
   Stab: Sleeping          |     3 |       ||     3
 Armour: Skin              |     2 |     7 ||     9
  Dodge: Dodged            |     4 |    12 ||    16

Table legend: (Time is in decaauts)
 A = Elapsed time spent in this place.
 B = Non-inter-level travel time spent in this place.
 C = Inter-level travel time spent in this place.
 D = Time resting spent in this place.
 E = Time spent auto-exploring this place.
 F = Levels seen in this place.
 G = Mean time per level.
                   A        B        C        D        E       F      G
               +--------+--------+--------+--------+--------+-----+--------+
         Total |    424 |    422 |      2 |     19 |     90 |   4 |  106.0 |
       Dungeon |    424 |    422 |      2 |     19 |     90 |   4 |  106.0 |
               +--------+--------+--------+--------+--------+-----+--------+

Top non-repeatable levels by time:
     D:4: 223 daAuts
     D:3: 129 daAuts
     D:2: 49 daAuts
     D:1: 22 daAuts
